 Dungeon Sprint DCSS version 0.20.1-1-g8b1a95d (console) character file.

6200000 hilaritas the Axe Maniac (level 27, -14/298 HPs)
             Began as a Deep Dwarf Gladiator on Dec 12, 2017.
             Was the Champion of Makhleb.
             Demolished by a destroyer
             ... wielding a +9 great sword of slicing
              (75 damage)
             ... in the Dungeon (Sprint VIII: "Arena of Blood").
             The game lasted 00:03:37 (62 turns).

hilaritas the Axe Maniac (Deep Dwarf Gladiator)       Turns: 62, Time: 00:03:37

Health: -14/298    AC:  8    Str: 29    XL:     27
Magic:  29/54      EV: 31    Int: 11    God:    Makhleb [******]
Gold:   0          SH:  0    Dex: 14    Spells: 80/80 levels left

rFire    + . .     SeeInvis .   l - +∞ Axe of Woe
rCold    . . .     Gourm    .   (shield currently unavailable)
rNeg     + . .     Faith    .   b - +0 leather armour
rPois    .         Spirit   .   c - +0 helmet
rElec    .         Reflect  .   (no cloak)
rCorr    .         Harm     .   (no gloves)
MR       ++++.     NoTele   +   (no boots)
Stlth    +++++++++.             (no amulet)
Regen    0.0/turn               m - ring of protection from fire
MPRegen  0.4/turn               (no ring)

@: non-regenerating
A: damage resistance, heal wounds, negative energy resistance 1, sense
surroundings 3, no regeneration
a: Heal Wounds, Minor Destruction, Lesser Servant of Makhleb, Major Destruction,
Greater Servant of Makhleb, Renounce Religion


You were in the Dungeon.
You worshipped Makhleb.
Makhleb was exalted by your worship.
You were not hungry.

You visited 1 branch

Inventory:

Hand Weapons
 a - a +0 war axe
 l - the +∞ Axe of Woe (weapon)
   (You found it in the Dungeon)
Missiles
 d - 3 throwing nets (quivered)
Armour
 b - a +0 leather armour (worn)
 c - a +0 helmet (worn)
Jewellery
 m - a ring of protection from fire (left hand)
Scrolls
 k - a scroll of blinking
Potions
 e - a potion of curing
 g - a potion of heal wounds
 h - a potion of haste
 i - 2 potions of magic
 j - a potion of berserk rage
Comestibles
 f - a bread ration


   Skills:
 O Level 27 Fighting
 O Level 27 Axes
 O Level 27 Throwing
 O Level 27 Armour
 O Level 27 Dodging
 O Level 27 Stealth
 O Level 27 Unarmed Combat
 O Level 27 Spellcasting
 O Level 27 Invocations


You had 80 spell levels left.
You didn't know any spells.

Dungeon Overview and Level Annotations

Branches:
Dungeon (1/1)

Altars:
Makhleb


Innate Abilities, Weirdness & Mutations

You are resistant to damage.
You can heal yourself by infusing magical energy.
You resist negative energy. (rN+)
You passively map a large area around you.
You do not regenerate.


Message History

The bag of meat is engulfed in blazing flames.
A crawling corpse merges with a large abomination.
Two crawling corpses merge to form a small abomination.
The destroyer blinks!
You hear a shout! x2
The meat berserker hits you with a +9 battleaxe!!!
You hear a shout! x2
The small abomination is engulfed in blazing flames. x2
The sculptor of flesh is engulfed in blazing flames.
The small abomination completely misses you.
The large bag of meat hits you with a +9 giant spiked club!!!!
The large bag of meat hits you with a +9 giant spiked club!!
You hear a shout! x3
The meat berserker hits you with a +9 battleaxe!!!!
* * * LOW HITPOINT WARNING * * *
The small abomination is engulfed in blazing flames.
The small abomination closely misses you.
The destroyer is engulfed in blazing flames.
The destroyer hits you with a +9 great sword of slicing!!!!
You die...

, , , ,* , * ,, , ,
,, , ,,, .#......#
,, .......# ., ,, ,
. ,#..%%..# #
......, ......# #
..........##.....#
###.........z..M...#
...........###%O...#
.............xxx@).#
.......#.#§...zOxV§#
.........x))))Xoz§)#
))).))#)#)#)))o)x§§#
))))).))).))))xX§).#
..)...)#)#)#..#..§.#
###..........#.....#
#....§........#.%..#
#............#.....#
.........o.........#
....#...#......##..#


You could see an accursed, a destroyer, 3 sculptors of flesh, a large bag of
meat (inner flame), 2 large abominations, a meat berserker (berserk), 5 small
abominations, 2 bags of meat and 2 crawling corpses.

Vanquished Creatures
  15 vampire knights (D)
  24 ogres (D)
  5 two-headed ogres (D)
  A lich (D)
  62 orcs (D)
  A large abomination (D)
  2 small abominations (D)
  3 crawling corpses (D)
113 creatures vanquished.

Vanquished Creatures (others)
  4 crawling corpses (D)
4 creatures vanquished.

Grand Total: 117 creatures vanquished

Notes
Turn   | Place    | Note
-------+----------+-------------------------------------------
     0 | D        | hilaritas the Deep Dwarf Gladiator began the quest for the Orb.
     0 | D        | Reached XP level 1. HP: 19/19 MP: 1/1
     4 | D        | Noticed a bag of meat
     4 | D        | Became a worshipper of Makhleb the Destroyer
     6 | D        | Noticed a bag of meat
     6 | D        | Noticed a meat berserker
     6 | D        | Noticed a meat berserker
     6 | D        | Noticed a bag of meat
     7 | D        | Noticed a bag of meat
     7 | D        | Noticed a meat berserker
     7 | D        | Noticed a meat berserker
     7 | D        | Noticed a meat berserker
     8 | D        | Killed a meat berserker
     8 | D        | Reached skill level 27 in Axes
     8 | D        | Reached XP level 2. HP: 56/56 MP: 2/2
     8 | D        | Reached XP level 3. HP: 63/63 MP: 3/3
     8 | D        | Reached XP level 4. HP: 72/72 MP: 4/4
     8 | D        | Reached XP level 5. HP: 80/80 MP: 5/5
     8 | D        | Reached XP level 6. HP: 88/88 MP: 6/6
     8 | D        | Reached XP level 7. HP: 96/96 MP: 7/7
     8 | D        | Reached XP level 8. HP: 104/104 MP: 8/8
     8 | D        | Gained mutation: You passively map the area around you. [Deep Dwarf growth]
     8 | D        | Reached XP level 9. HP: 112/112 MP: 9/9
     8 | D        | Reached XP level 10. HP: 121/121 MP: 10/10
     8 | D        | Reached XP level 11. HP: 128/128 MP: 11/11
     8 | D        | Reached XP level 12. HP: 136/136 MP: 12/12
     8 | D        | Reached XP level 13. HP: 144/144 MP: 13/13
     8 | D        | Killed a meat berserker
     8 | D        | Reached * piety under Makhleb
     8 | D        | Gained mutation: You resist negative energy. (rN+) [Deep Dwarf growth]
     8 | D        | Reached XP level 14. HP: 174/174 MP: 14/14
     9 | D        | Noticed a meat berserker
     9 | D        | Noticed a bag of meat
     9 | D        | Noticed a bag of meat
     9 | D        | Noticed a meat berserker
     9 | D        | Killed a bag of meat
     9 | D        | Killed a meat berserker
     9 | D        | Reached skill level 27 in Fighting
     9 | D        | Reached XP level 15. HP: 187/190 MP: 15/15
    11 | D        | Killed a meat berserker
    11 | D        | Reached ** piety under Makhleb
    11 | D        | Reached XP level 16. HP: 166/200 MP: 16/16
    11 | D        | Killed a meat berserker
    11 | D        | Reached skill level 27 in Dodging
    11 | D        | Killed a meat berserker
    11 | D        | Reached skill level 27 in Invocations
    11 | D        | Reached XP level 17. HP: 208/208 MP: 16/34
    12 | D        | Noticed a meat berserker
    12 | D        | Killed a meat berserker
    12 | D        | Reached *** piety under Makhleb
    12 | D        | Reached skill level 27 in Armour
    12 | D        | Reached skill level 10 in Stealth
    12 | D        | Gained mutation: You passively map a large area around you. [Deep Dwarf growth]
    12 | D        | Reached XP level 18. HP: 218/218 MP: 16/35
    14 | D        | Noticed a meat berserker
    14 | D        | Reached **** piety under Makhleb
    15 | D        | Noticed a meat berserker
    15 | D        | Noticed a destroyer
    16 | D        | Noticed a meat berserker
    16 | D        | Killed a meat berserker
    16 | D        | Reached skill level 27 in Stealth
    16 | D        | Reached XP level 19. HP: 226/226 MP: 16/36
    18 | D        | Killed a meat berserker
    18 | D        | Reached ***** piety under Makhleb
    18 | D        | Reached skill level 27 in Throwing
    18 | D        | Reached XP level 20. HP: 236/236 MP: 17/37
    19 | D        | Noticed a meat berserker
    20 | D        | Noticed a destroyer
    20 | D        | Killed a meat berserker
    22 | D        | Noticed a meat berserker
    22 | D        | Noticed a meat berserker
    22 | D        | Noticed a meat berserker
    22 | D        | Killed a destroyer
    22 | D        | Killed a meat berserker
    22 | D        | Reached XP level 21. HP: 244/244 MP: 18/48
    24 | D        | Reached ****** piety under Makhleb
    24 | D        | Reached skill level 27 in Unarmed Combat
    24 | D        | Reached skill level 27 in Spellcasting
    24 | D        | Reached XP level 22. HP: 254/254 MP: 18/53
    27 | D        | Noticed a destroyer
    28 | D        | Reached XP level 23. HP: 262/262 MP: 19/54
    29 | D        | Noticed a destroyer
    31 | D        | Noticed a large bag of meat
    31 | D        | Noticed a destroyer
    32 | D        | Killed a destroyer
    32 | D        | Reached XP level 24. HP: 272/272 MP: 21/54
    33 | D        | Noticed a destroyer
    33 | D        | Noticed a large bag of meat
    34 | D        | Reached XP level 25. HP: 280/280 MP: 21/54
    35 | D        | Noticed a destroyer
    36 | D        | Noticed a large bag of meat
    36 | D        | Noticed a large bag of meat
    36 | D        | Reached XP level 26. HP: 290/290 MP: 22/54
    36 | D        | Killed a large bag of meat
    37 | D        | Noticed a destroyer
    39 | D        | Noticed a large bag of meat
    40 | D        | Reached XP level 27. HP: 298/298 MP: 23/54
    40 | D        | Killed a destroyer
    42 | D        | Killed a large bag of meat
    43 | D        | Noticed a destroyer
    44 | D        | Killed a large bag of meat
    44 | D        | Killed a destroyer
    44 | D        | Killed a destroyer
    48 | D        | Noticed an accursed
    48 | D        | Killed a destroyer
    49 | D        | Noticed a destroyer
    49 | D        | Noticed a destroyer
    50 | D        | Noticed a destroyer
    52 | D        | Noticed a destroyer
    52 | D        | Killed a destroyer
    52 | D        | Killed a destroyer
    53 | D        | Killed a large bag of meat
    53 | D        | Killed a destroyer
    54 | D        | Killed a destroyer
    55 | D        | Noticed a large bag of meat
    55 | D        | Killed a destroyer
    56 | D        | Noticed a destroyer
    56 | D        | Noticed a destroyer
    57 | D        | Killed a large bag of meat
    57 | D        | Killed a destroyer
    59 | D        | Noticed a tyrant
    59 | D        | Noticed a destroyer
    60 | D        | Killed a destroyer
    60 | D        | Killed a destroyer
    60 | D        | Killed a destroyer
    61 | D        | Killed a tyrant
    62 | D        | Demolished by a destroyer

Skill      XL: |  1  2  3  4  5  6  7  8  9 10 11 12 13 14 15 16 17 18 19 20 21 |
---------------+----------------------------------------------------------------+-----
Axes           | 27 | 27.0
Fighting       | 17 24 27 | 27.0
Dodging        | 19 26 27 | 27.0
Invocations    | 27 | 27.0
Armour         | 16 27 | 27.0
Stealth        | 10 27 | 27.0
Throwing       | 16 27 | 27.0
Unarmed Combat | 9 24 27 | 27.0
Spellcasting   | 9 23 27 | 27.0

Action                   |  1- 3 |  4- 6 |  7- 9 | 10-12 | 13-15 | 16-18 | 19-21 | 22-24 | 25-27 || total
-------------------------+-------+-------+-------+-------+-------+-------+-------+-------+-------++-------
Melee: Executioner's axe |     1 |       |       |       |     2 |     3 |     4 |     5 |    16 ||    31
Armor: Leather armour    |       |       |       |       |       |       |       |       |     1 ||     1
Dodge: Dodged            |       |       |       |       |     1 |     1 |     2 |     2 |    12 ||    18
